 Dungeon Crawl Stone Soup version 0.30.1-11-g7821555f0a (webtiles) character file.

Game seed: 16539373461211619399

39 Heoruswealwe the Conjurer (level 3, -2/19 HPs)
             Began as a Deep Elf Conjurer on Dec 22, 2023.
             Slain by Grinder (7 damage)
             ... on level 3 of the Dungeon.
             The game lasted 00:18:56 (1689 turns).

Heoruswealwe the Conjurer (Deep Elf Conjurer)       Turns: 1689, Time: 00:18:57

Health: -2/19      AC:  2    Str:  4    XL:     3   Next: 28%
Magic:  5/10       EV: 12    Int: 24    God:
Gold:   118        SH:  0    Dex: 13    Spells: 4/10 levels left

rFire   . . .        a - +2 dagger (holy)
rCold   . . .        (no shield)
rNeg    . . .        c - +0 robe
rPois   .            (no helmet)
rElec   .            (no cloak)
rCorr   .            (no gloves)
SInv    .            (no boots)
Will    .....        (no amulet)
Stlth   ++           (no ring)
HPRegen 0.23/turn    (no ring)
MPRegen 0.12/turn

%: no passive effects
@: no status effects
A: no striking features
a: no special abilities


You were on level 3 of the Dungeon.
You visited 1 branch of the dungeon, and saw 3 of its levels.

You collected 118 gold pieces.

Inventory:

Hand Weapons
 a - a +2 dagger of holy wrath (weapon)
 b - a +0 hand axe
Armour
 c - a +0 robe (worn)
 k - a +0 robe
 p - a +0 robe
Scrolls
 f - 2 scrolls of identify {unknown}
 g - a scroll of blinking {unknown}
 i - 2 scrolls of fear {unknown}
 j - a scroll of magic mapping {unknown}
 l - 2 scrolls of fog {unknown}
 o - a scroll of torment {unknown}
 q - a scroll of vulnerability {unknown}
Potions
 d - 2 potions of curing {unknown}
 e - 2 potions of degeneration {unknown}
 m - a potion of might {unknown}
 n - a potion of resistance {unknown}


   Skills:
 - Level 2.4 Dodging
 - Level 2.4 Stealth
 + Level 4.2 Spellcasting
 + Level 5.0 Conjurations


You had 4 spell levels left.
You knew the following spells:

 Your Spells              Type           Power      Damage    Failure   Level
a - Magic Dart            Conj           100%       1d8       1%          1
b - Searing Ray           Conj           58%        2d6       1%          2
c - Dazzling Flash        Conj/Hex       34%        N/A       10%         3

Your spell library contained the following spells:

 Spells                   Type           Power      Damage    Failure   Level
 Fulminant Prism          Conj/Hex       8%         3d7       32%         4
 Iskenderun's Mystic Bla  Conj/Tloc      17%        2d5       32%         4


Dungeon Overview and Level Annotations

Branches:
Dungeon (2/15)

Altars:
Elyvilon
Wu Jian
Xom
Zin

Shops:
D:2 :

Annotations:
D:3 Grinder


Message History

Grinder is severely wounded.
You finish channelling your searing ray.
Casting: Searing Ray (safe; 1% risk of failure)
Confirm with . or Enter, or press ? or * to list all spells.
Aiming: Searing Ray (safe; 1% risk of failure)
Press: ? - help, Shift-Dir - straight line, f/p - Grinder
Aim: Grinder, carrying a wand of polymorph (14) (severely wounded, 77% to hit)
The searing ray hits Grinder!
Grinder is severely wounded. (Press . to maintain the ray.) Grinder blinks!
The searing ray hits Grinder.
Grinder is severely wounded.
Grinder gestures at you.
You suddenly lose the ability to move!
You can move again.
The magic dart hits Grinder but does no damage.
Grinder is severely wounded.
Magic courses through your body. Grinder barely misses you.
Casting: Magic Dart (safe; 1% risk of failure)
Confirm with . or Enter, or press ? or * to list all spells.
Aiming: Searing Ray (safe; 1% risk of failure)
Press: ? - help, Shift-Dir - straight line, f/p - Grinder
Aim: Grinder, carrying a wand of polymorph (14) (severely wounded, 77% to hit)
The searing ray misses Grinder. (Press . to maintain the ray.) Grinder completely misses you.
The searing ray hits Grinder.
Grinder is almost dead.
Grinder hits you!
Ouch! That really hurt!
* * * LOW HITPOINT WARNING * * *
The searing ray misses Grinder.
Grinder gestures at you. You resist with significant effort.
The searing ray hits Grinder.
Grinder is almost dead.
You finish channelling your searing ray.
Grinder hits you!
You die...

... #####... ####
##...##.##...##
#.8.8.#.#.8.8.#
#.._..#.#.._..#
#.8...#.#...8.#
##...'#.#'...#
#.#####..@#####..
........⌠5.......
#.#####...#####.#
##...'#.#'...##
#.8...#.#...8.#
#.._..#.#.._..#
#.8.8.#.#.8.8.#
##...##.##...##
#####...#####


You could see Grinder.

Vanquished Creatures
  An adder (D:2)
  5 ball pythons
  3 endoplasms
  A giant cockroach (D:2)
  A hobgoblin (D:1)
  4 kobolds
  3 quokkas (D:1)
  4 bats
  A frilled lizard (D:1)
  3 goblins
  4 rats
30 creatures vanquished.

Notes
Turn   | Place    | Note
-------+----------+-------------------------------------------
     0 | D:1      | Heoruswealwe the Deep Elf Conjurer began the quest for the
                  | Orb.
     0 | D:1      | Reached XP level 1. HP: 10/10 MP: 6/6
    97 | D:1      | Reached XP level 2. HP: 15/15 MP: 0/8
   100 | D:1      | Learned a level 2 spell: Searing Ray
   980 | D:2      | Reached skill level 5 in Conjurations
   980 | D:2      | Reached XP level 3. HP: 19/19 MP: 5/10
  1118 | D:2      | Learned a level 3 spell: Dazzling Flash
  1560 | D:2      | Found Buwko's Book Boutique.
  1647 | D:2      | You fall into a shaft and drop 1 floor!
  1647 | D:3      | Found a white marble altar of Elyvilon.
  1655 | D:3      | Found a shimmering altar of Xom.
  1664 | D:3      | Found an ornate altar of the Wu Jian Council.
  1673 | D:3      | Found a glowing silver altar of Zin.
  1673 | D:3      | Noticed Grinder
  1681 | D:3      | Paralysed by Grinder for 2 turns
  1689 | D:3      | Slain by Grinder

Illustrated notes

Levels and vault maps discovered:
D:1:      roderic_crop_circles_arrival_small, layout_loops_cross
D:2:      layout_basic, serial_shops, shop
D:3:      layout_loops_ring, lemuel_round_altar,
          grunt_temple_overflow_cloverleaf, due_unseen_surprise, uniq_jessica,
          uniq_grinder, uniq_natasha

Skill      XL: |  1  2 |
---------------+-------+-----
Spellcasting   | 4 |  4.2
Conjurations   | 5 |  5.0
Dodging        | |  2.4
Stealth        | |  2.4

Action                     || total
---------------------------++-------
  Melee: Unarmed           ||     2
         Hand axe          ||   107
         Punch             ||     2
         Dagger            ||     1
   Cast: Magic Dart        ||    50
         Searing Ray       ||     3
    Use: Potion            ||     1
 Armour: Robe              ||     1
  Dodge: Dodged            ||     7
